 Dungeon Crawl Stone Soup version 0.31-a0-799-g6bc09d010c (webtiles) character file.

Game seed: 661763001656542306

769 Pooter the Chopper (level 7, -4/63 HPs)
             Began as a Minotaur Berserker on Sept 20, 2023.
             Was a Priest of Trog.
             Slain by Edmund
             ... wielding a +2 flail of protection
              (6 damage)
             ... on level 4 of the Dungeon.
             The game lasted 00:15:30 (3704 turns).

Pooter the Chopper (Minotaur Berserker)             Turns: 3704, Time: 00:15:31

Health: -4/63      AC:  7    Str: 24    XL:     7   Next: 52%
Magic:  6/6        EV: 10    Int:  4    God:    Trog [***...]
Gold:   277        SH:  0    Dex:  9    Spells: 6/6 levels left

rFire   + . .        a - +0 war axe
rCold   . . .        (no shield)
rNeg    + . .        d - +0 scale mail
rPois   .            (helmet restricted)
rElec   .            (no cloak)
rCorr   .            x - +0 pair of gloves
SInv    .            (no boots)
Will    .....        (no amulet) Stlth
                     F - ring "Gewo" {rF+ rN+}
HPRegen 0.30/turn    (no ring)
MPRegen 0.10/turn

%: no passive effects
@: marked, on berserk cooldown, slowed, very slow
A: horns 2, retaliatory headbutt
a: Renounce Religion, Berserk, Trog's Hand


You were on level 4 of the Dungeon.
You worshipped Trog.
Trog was most pleased with you.
You visited 1 branch of the dungeon, and saw 5 of its levels.
You also visited: Sewer.

You collected 277 gold pieces.

Inventory:

Hand Weapons
 a - a +0 war axe (weapon)
   (You took it off an orc priest on level 5 of the Dungeon)
 b - a +0 arbalest
   (You found it on level 5 of the Dungeon)
Missiles
 e - 5 boomerangs (quivered)
 g - 18 poisoned darts
 i - 5 atropa-tipped darts
 m - a curare-tipped dart
 Q - 43 stones
Armour
 d - a +0 scale mail (worn)
   (You found it on level 1 of the Dungeon)
 x - a +0 pair of gloves (worn)
   (You found it on level 2 of the Dungeon)
Jewellery
 F - the ring "Gewo" (left hand) {rF+ rN+}
   (You acquired it on level 4 of the Dungeon)

   [ring of positive energy]

   rF+:       It protects you from fire.
   rN+:       It protects you from negative energy.
Wands
 f - a wand of flame (16)
   (You took it off Jessica on level 2 of the Dungeon)
 A - a wand of polymorph (5)
   (You found it on level 5 of the Dungeon)
Scrolls
 j - a scroll of enchant armour {unknown}
 k - a scroll of fear
 t - 2 scrolls of teleportation {@r4}
 u - a scroll of noise {!r}
 w - 2 scrolls of immolation {!r}
 y - a scroll of vulnerability {unknown}
 z - a scroll of poison {unknown}
Potions
 c - 4 potions of curing {@q1}
 h - 3 potions of mutation {unknown}
 l - 2 potions of enlightenment {unknown}
 n - 2 potions of might {unknown}
 o - 3 potions of heal wounds {unknown}
 p - 3 potions of resistance {unknown}
 q - a potion of experience {unknown}
 r - a potion of haste {unknown}
 s - a potion of magic {unknown}
 v - a potion of brilliance {unknown}


   Skills:
 + Level 6.0 Fighting
 * Level 7.8 Axes
 * Level 4.8 Ranged Weapons
 - Level 2.4 Armour
 - Level 2.1 Dodging


You had 6 spell levels left.
You didn't know any spells.
Your spell library was empty.

Dungeon Overview and Level Annotations

Branches:
Dungeon (5/15) Zot: 26622   Sewer (visited)
 Temple: D:4-7

Altars:
Uskayaw

Shops:
D:4 [

Annotations:
D:4 1 runed translucent door, Crazy Yiuf, Edmund


Innate Abilities, Weirdness & Mutations

You have a pair of horns on your head.
You reflexively headbutt those who attack you in melee.


Message History

* * * LOW HITPOINT WARNING * * *
Unknown command.
You barely miss the iguana. You headbutt the iguana.
You kill the iguana!
Trog accepts your kill.
You feel sick.
You are no longer poisoned.
Your Fighting skill increases to level 6!
An adder comes into view.
Edmund the Younger comes into view.
He is wielding a +2 flail of protection.
A red film seems to cover your vision as you go berserk!
You feel yourself moving faster!
You feel mighty! The adder bites you.
* * * LOW HITPOINT WARNING * * *
You feel a strong urge to attack something.
The adder barely misses you. You furiously retaliate!
You headbutt the adder!
You kill the adder!
Trog accepts your kill.
A scorpion comes into view.
Edmund hits you with a +2 flail of protection.
* * * LOW HITPOINT WARNING * * *
You feel your anger nearly subside.
You are no longer berserk.
You are exhausted.
You feel yourself slow down.
A gnoll comes into view. It is wielding a +0 whip.
Edmund attacks as he pursues you! Edmund barely misses you.
You furiously retaliate!
You headbutt Edmund!
The gnoll throws a throwing net.
The throwing net completely misses you.
There is a stone staircase leading up here.
You see here a throwing net {!f}.
Edmund hits you with a +2 flail of protection.
* * * LOW HITPOINT WARNING * * *
Edmund hits you with a +2 flail of protection.
* * * LOW HITPOINT WARNING * * *
You climb upwards.
Level annotation: 1 runed translucent door, Crazy Yiuf
There is a stone staircase leading down here.
You closely miss Edmund. Edmund hits you but does no damage.
You slash Edmund! Edmund barely misses you.
Edmund hits you with a +2 flail of protection!
* * * LOW HITPOINT WARNING * * *
Unknown command.
You feel better.
Edmund hits you with a +2 flail of protection!
* * * LOW HITPOINT WARNING * * *
Unknown command.
Unknown command.
You hit Edmund. You headbutt Edmund, but do no damage.
Edmund hits you with a +2 flail of protection.
You die...
Edmund says, "That'll show my brother!"

#.# #.###### #.#
#.# #.##...#####.#
#.# #.##.#.......#
#.# #.##...#######
#.# #.###.##
#####.####..##.#
#.......###.##.#
#.###.#.# #.##.#
#.# #.#.###.##@#
###)# #.#.....)@.#
....###.#####.####
....).........#
..#############
..# ###


You could see Edmund.

Vanquished Creatures
  A black bear (D:4)
  A phantom (D:4)
  2 kobold brigands (Sewer)
  2 scorpions
  An orc priest (D:5)
  Jessica (D:2)
  2 iguanas
  Natasha (thrice) (D:2)
  6 adders
  An ufetubus (D:4)
  3 worms
  4 orcs
  14 endoplasms
  2 giant cockroaches
  6 goblins
  11 hobgoblins
  2 jackals (D:1)
  15 kobolds
  2 quokkas
  10 ball pythons
  4 bats
  3 frilled lizards
  6 rats
102 creatures vanquished.

Notes
Turn   | Place    | Note
-------+----------+-------------------------------------------
     0 | D:1      | Pooter the Minotaur Berserker began the quest for the Orb.
     0 | D:1      | Reached XP level 1. HP: 19/19 MP: 0/0
    37 | D:1      | Reached skill level 4 in Axes
    45 | D:1      | Reached XP level 2. HP: 14/27 MP: 1/1
   249 | D:1      | Reached ** piety under Trog
   344 | D:1      | Reached XP level 3. HP: 33/33 MP: 2/2
   666 | D:2      | Noticed Natasha
   672 | D:2      | Killed Natasha
   673 | D:2      | Reached skill level 5 in Axes
   859 | D:2      | Noticed Jessica
   865 | D:2      | Killed Jessica
   866 | D:2      | Reached XP level 4. HP: 41/41 MP: 3/3
   959 | D:2      | Noticed Natasha
   965 | D:2      | Killed Natasha
   966 | D:2      | Reached skill level 1 in Ranged Weapons
   985 | D:2      | Noticed Natasha
   993 | D:2      | Killed Natasha
   994 | D:2      | Reached XP level 5. HP: 47/47 MP: 4/4
  1531 | D:3      | Found a glowing drain.
  1553 | Sewer    | Entered a sewer
  1580 | Sewer    | Reached skill level 5 in Fighting
  1580 | Sewer    | Reached skill level 6 in Axes
  1752 | Sewer    | Reached *** piety under Trog
  1920 | Sewer    | Reached XP level 6. HP: 48/56 MP: 5/5
  2801 | D:4      | Reached skill level 7 in Axes
  2801 | D:4      | Reached XP level 7. HP: 55/61 MP: 6/6
  2838 | D:4      | Found a runed translucent door.
  2839 | D:4      | Noticed Crazy Yiuf
  2852 | D:4      | Found Liniyn's Antique Armour Shop.
  3155 | D:4      | Identified a scroll of acquirement
  3156 | D:4      | Acquired the ring "Gewo" {rF+ rN+}
  3481 | D:5      | Entered Level 5 of the Dungeon
  3628 | D:5      | Noticed a +0 hand axe
  3628 | D:5      | Noticed a +0 hand axe
  3629 | D:5      | Found a hide-covered altar of Uskayaw.
  3693 | D:5      | Noticed Edmund
  3702 | D:4      | HP: 2/63 [Edmund/+2 flail of protection (7)]
  3704 | D:4      | Slain by Edmund

Illustrated notes

Levels and vault maps discovered:
D:1:      lemuel_arrival_river_ford, layout_basic
D:2:      layout_loops_ring, serial_bayou_lake_a, uniq_natasha, uniq_jessica
D:3:      layout_loops_ring, portal_sewer_entry_a
D:4:      layout_loops_ring, serial_shops, nicolae_shop_advertising_works
          [nicolae_subvault_shop_adworks], uniq_crazy_yiuf_cottage
D:5:      layout_loops_cross, dancing_weapons_uskayaw,
          gammafunk_temple_overflow_claw, minmay_temple_entry_offerings,
          uniq_edmund

Skill      XL: |  1  2  3  4  5  6  7 |
---------------+----------------------+-----
Axes           | 4 5 6 7 |  7.8
Fighting       | 4 5 6 |  6.0
Ranged Weapons | 1 3 4 |  4.8
Armour         | |  2.4
Dodging        | |  2.1

Action                     |  1- 3 |  4- 6 |  7- 9 || total
---------------------------+-------+-------+-------++-------
  Melee: Hand axe          |    74 |    74 |    29 ||   177
         Headbutt          |     8 |    13 |    12 ||    33
         Punch             |       |     1 |       ||     1
         War axe           |       |       |    10 ||    10
   Fire: Sling             |       |    81 |    26 ||   107
         Arbalest          |       |       |     4 ||     4
 Invoke: Berserk           |     1 |     3 |     1 ||     5
    Use: Scroll            |       |     5 |     2 ||     7
         Potion            |       |       |     1 ||     1
 Armour: Animal skin       |    31 |       |       ||    31
         Scale mail        |    11 |    61 |    32 ||   104
  Dodge: Dodged            |    58 |    41 |    23 ||   122

Table legend: (Time is in decaauts)
 A = Elapsed time spent in this place.
 B = Non-inter-level travel time spent in this place.
 C = Inter-level travel time spent in this place.
 D = Time resting spent in this place.
 E = Time spent auto-exploring this place.
 F = Levels seen in this place.
 G = Mean time per level.
                   A        B        C        D        E       F      G
               +--------+--------+--------+--------+--------+-----+--------+
         Total |   3851 |   3736 |    115 |    197 |   2691 |   6 |  641.8 |
       Dungeon |   3375 |   3260 |    115 |     67 |   2493 |   5 |  675.0 |
         Sewer |    475 |    475 |      0 |    129 |    198 |   1 |  475.0 |
               +--------+--------+--------+--------+--------+-----+--------+

Top non-repeatable levels by time:
     D:4: 934 daAuts
     D:2: 909 daAuts
     D:3: 733 daAuts
     D:1: 577 daAuts
   Sewer: 475 daAuts
     D:5: 221 daAuts
